 Dungeon Crawl Stone Soup version 0.29-a0-483-g69413ace17 (webtiles) character file.

Game seed: 7881917825924280795

282 happo123 the Sneak (level 6, -1/32 HPs)
             Began as a Kobold Enchanter on May 25, 2022.
             Killed from afar by an orc wizard (6 damage)
             ... with a magic dart
             ... on level 2 of the Dungeon.
             The game lasted 00:13:13 (3173 turns).

happo123 the Sneak (Kobold Enchanter)               Turns: 3173, Time: 00:13:13

Health: -1/32      AC:  3    Str:  6    XL:     6   Next: 53%
Magic:  3/11       EV: 16    Int: 18    God:
Gold:   75         SH:  0    Dex: 15    Spells: 3/11 levels left

rFire   . . .      SeeInvis +   g - +1 dagger (speed)
rCold   . . .      Faith    .   (no shield)
rNeg    . . .      Spirit   .   b - +0 robe
rPois   .          Reflect  .   (no helmet)
rElec   .          Harm     .   (no cloak)
rCorr   .          Rampage  .   p - +0 pair of gloves
Will    .....                   (no boots)
Stlth   ++++......              (no amulet)
HPRegen 0.10/turn               s - ring of see invisible
MPRegen 0.12/turn               (no ring)

@: very slightly contaminated, invisible
A: small, no large weapons, nightstalker 3
a: no special abilities


You were on level 2 of the Dungeon.
You visited 1 branch of the dungeon, and saw 3 of its levels.

You collected 130 gold pieces.
You spent 55 gold pieces at shops.

Inventory:

Hand Weapons
 a - a +1 dagger
 g - a +1 dagger of speed (weapon)
Missiles
 r - a throwing net
Armour
 b - a +0 robe (worn)
 e - a +3 scale mail
 o - a +0 leather armour
 p - a +0 pair of gloves (worn)
Jewellery
 s - a ring of see invisible (left hand)
Scrolls
 d - 2 scrolls of summoning {unknown}
 h - a scroll of enchant armour {unknown}
 i - a scroll of fog {unknown}
 l - a scroll of magic mapping
 m - a scroll of identify
 q - a scroll of enchant weapon {unknown}
 t - a scroll of noise {unknown}
 v - a scroll of teleportation {unknown}
Potions
 c - a potion of invisibility
 f - 3 potions of degeneration {unknown}
 j - 2 potions of flight {unknown}
 k - a potion of heal wounds {unknown}
 n - 2 potions of resistance {unknown}
 u - a potion of ambrosia {unknown}
 w - a potion of curing {unknown}


   Skills:
 + Level 3.7 Short Blades
 + Level 4.1 Dodging
 + Level 5.5 Stealth
 + Level 3.4 Spellcasting
 + Level 4.0 Hexes


You had 3 spell levels left.
You knew the following spells:

 Your Spells              Type           Power      Damage    Failure   Level
a - Ensorcelled Hibernat  Hex/Ice        20%        N/A       11%         2
b - Tukima's Dance        Hex            17%        N/A       9%          3
c - Dazzling Flash        Conj/Hex       20%        N/A       21%         3

Your spell library contained the following spells:

 Spells                   Type           Power      Damage    Failure   Level
 Confusing Touch          Hex            17%        N/A       9%          3
 Spider Form              Tmut/Pois      3%         N/A       43%         3
 Anguish                  Hex/Necr       5%         N/A       56%         4


Dungeon Overview and Level Annotations

Branches:
Dungeon (3/15)

Altars:
Uskayaw

Shops:
D:1 ?   D:2 (


Innate Abilities, Weirdness & Mutations

You are small and have problems with some larger weapons.
You are completely attuned to the shadows.


Message History

* * * LOW HITPOINT WARNING * * *
The orc priest closely misses you.
You closely miss the orc priest.
The orc priest is moderately wounded.
You hit the orc priest.
The orc priest is moderately wounded.
The orc wizard barely misses you. The orc priest misses you.
You hit the orc priest.
The orc priest is heavily wounded.
The orc wizard hits you but does no damage.
The orc priest hits you with a +0 club.
* * * LOW HITPOINT WARNING * * *
Aiming: Ensorcelled Hibernation (safe; 11% risk of failure)
Press: ? - help, Q - select action, (/) - cycle Shift-Dir - straight line, f - orc wizard, p - orc priest
Aim: an orc wizard, wielding a +0 dagger and wearing a +0 robe (chance to affect: 44%)
The orc wizard resists with some effort.
The orc wizard misses you.
The orc priest casts a cantrip, but nothing happens.
Casting: Ensorcelled Hibernation (safe; 11% risk of failure)
Confirm with . or Enter, or press ? or * to list all spells.
You don't have enough magic to cast this spell.
The orc wizard hits you with a +0 dagger.
* * * LOW HITPOINT WARNING * * *
The orc priest misses you.
You climb downwards.
The orc misses you.
There is a stone staircase leading up, spattered with blood here.
The orc hits you but does no damage.
The orc wizard hits you with a +0 dagger.
* * * LOW HITPOINT WARNING * * *
The orc priest closely misses you.
You climb upwards.
There is a stone staircase leading down here.
You fade into invisibility!
The orc priest closely misses you.
Unknown command.
Things that are here:
a +0 robe; a +0 scythe The orc wizard casts a spell at you.
The magic dart hits you.
You die...

####### #...... ####### #......
####### #.....# #......
##.....## #@###.# #......
##.......### #.###.# ##......
#..P.P.....###[....#####.......
#...∩P..).).##o#......##.##.##.
#..P....o..>...................
#..........)##..............##.
#.........o....<.#...)...#####.
##############.#####.##.######.
#.#####......<....


You could see an orc wizard (can't see you).

Vanquished Creatures
  Sigmund (D:2)
  3 gnolls (D:2)
  2 adders (D:2)
  2 worms (D:2)
  A dart slug (D:2)
  6 orcs
  7 bats
  4 endoplasms
  A giant cockroach (D:1)
  6 goblins
  5 hobgoblins
  3 jackals (D:1)
  2 quokkas
  4 ball pythons
  6 frilled lizards (D:1)
  7 kobolds
  2 rats (D:1)
62 creatures vanquished.

Vanquished Creatures (others)
  A plant (D:2)
1 creature vanquished.

Grand Total: 63 creatures vanquished

Notes
Turn   | Place    | Note
-------+----------+-------------------------------------------
     0 | D:1      | happo123 the Kobold Enchanter began the quest for the Orb.
     0 | D:1      | Reached XP level 1. HP: 10/10 MP: 3/3
    88 | D:1      | Reached XP level 2. HP: 11/15 MP: 5/5
    94 | D:1      | Learned a level 2 spell: Ensorcelled Hibernation
   531 | D:1      | Reached XP level 3. HP: 14/19 MP: 6/6
   535 | D:1      | Learned a level 3 spell: Tukima's Dance
   710 | D:1      | Found a faded altar of an unknown god.
   966 | D:1      | Found Ujaun's Magic Scroll Shop.
   972 | D:1      | Bought a scroll of magic mapping for 35 gold pieces
   972 | D:1      | Bought a scroll of identify for 20 gold pieces
  1297 | D:2      | Reached XP level 4. HP: 24/24 MP: 7/7
  1317 | D:2      | Noticed Sigmund
  1491 | D:2      | Found a hide-covered altar of Uskayaw.
  1982 | D:2      | Reached XP level 5. HP: 25/28 MP: 4/9
  2354 | D:2      | Killed Sigmund
  2355 | D:2      | Reached skill level 5 in Stealth
  2355 | D:2      | Reached XP level 6. HP: 14/32 MP: 7/11
  2404 | D:2      | Found Akix's Antique Weapon Shop.
  2550 | D:2      | Learned a level 3 spell: Dazzling Flash
  3173 | D:2      | Killed from afar by an orc wizard

Illustrated notes

Levels and vault maps discovered:
D:1:      lightli_arrival_boilingwater, layout_loops_cross,
          ebering_ecumenical_altar_box, serial_shops, shop, minivault_4
D:2:      wander_river, layout_basic, serial_shops,
          nicolae_shop_overgrown_old_shop, basic_altar, uniq_sigmund
D:3:      layout_basic, nzn_wu_jian_contemplation, minmay_crystal_room,
          kennysheep_nub

Skill      XL: |  1  2  3  4  5 |
---------------+----------------+-----
Short Blades   | 2 3 |  3.7
Dodging        | 3 4 |  4.1
Stealth        | 5 |  5.5
Spellcasting   | 3 |  3.4
Hexes          | 4 |  4.0

Action                   |  1- 3 |  4- 6 || total
-------------------------+-------+-------++-------
Melee: Dagger            |    74 |    81 ||   155
 Cast: Ensorcelled Hiber |     1 |    24 ||    25
  Use: Potion            |       |     1 ||     1
 Stab: Sleeping          |    16 |    14 ||    30
       Distracted        |       |     1 ||     1
Armor: Robe              |     6 |    12 ||    18
Dodge: Dodged            |    28 |    79 ||   107

Table legend: (Time is in decaauts)
 A = Elapsed time spent in this place.
 B = Non-inter-level travel time spent in this place.
 C = Inter-level travel time spent in this place.
 D = Time resting spent in this place.
 E = Time spent auto-exploring this place.
 F = Levels seen in this place.
 G = Mean time per level.
                   A        B        C        D        E       F      G
               +--------+--------+--------+--------+--------+-----+--------+
         Total |   3158 |   2849 |    309 |    857 |   1489 |   3 | 1052.7 |
       Dungeon |   3158 |   2849 |    309 |    857 |   1489 |   3 | 1052.7 |
               +--------+--------+--------+--------+--------+-----+--------+

Top non-repeatable levels by time:
     D:2: 2024 daAuts
     D:1: 1109 daAuts
     D:3: 25 daAuts
